 Dungeon Crawl Stone Soup version 0.30-a0-1066-g63dfefce0d (webtiles) character file.

Game seed: 13859361916426883060

31826 jasper the Thaumaturge (level 13, -26/100 HPs)
             Began as a Demonspawn Conjurer on Apr 12, 2023.
             Was a High Priest of Sif Muna.
             Shot with a bolt by an orc warlord (46 damage)
             ... on level 2 of the Orcish Mines.
             The game lasted 00:25:21 (18731 turns).

jasper the Thaumaturge (Demonspawn Conjurer)       Turns: 18731, Time: 00:25:22

Health: -26/100    AC:  6    Str:  8    XL:     13   Next: 28%
Magic:  12/28      EV: 17    Int: 23    God:    Sif Muna [*****.]
Gold:   1262       SH:  6    Dex: 19    Spells: 17/35 levels left

rFire   + + +      SeeInvis .    e - staff of fire
rCold   x x .      Faith    +    D - +0 buckler
rNeg    . . .      Spirit   .    b - +0 robe {Will+}
rPois   .          Reflect  .    i - +1 helmet
rElec   .          Rampage  .    r - +0 cloak
rCorr   .                        (no gloves)
Will    +....                    L - +0 pair of boots
Stlth   +++++                    l - amulet of faith
HPRegen 0.36/turn                d - ring of fire
MPRegen 0.42/turn                j - ring of fire

@: no status effects
A: hooves 1, thin skeletal structure 3, foul stench 2, magic regeneration,
corrupting presence 1
a: Renounce Religion, Channel Magic, Forget Spell, Divine Exegesis


You were on level 2 of the Orcish Mines.
You worshipped Sif Muna.
Sif Muna was extremely pleased with you.
You visited 5 branches of the dungeon, and saw 20 of its levels.

You collected 1448 gold pieces.
You spent 186 gold pieces at shops.

Inventory:

Hand Weapons
 c - a +0 whip
 h - a +2 war axe of flaming
Armour
 b - a +0 robe of willpower (worn)
 i - a +1 helmet (worn)
 r - a +0 cloak (worn)
 D - a +0 buckler (worn)
 L - a +0 pair of boots (worn)
Magical Staves
 e - a staff of fire (weapon)
Jewellery
 d - a ring of fire (left hand)
 f - a +6 ring of strength
 j - a ring of fire (right hand)
 l - an amulet of faith (around neck)
 y - a ring of magical power
 C - an amulet of reflection
 E - a ring of resist corrosion
 H - an amulet of regeneration
 I - a ring of wizardry
 J - a +6 ring of intelligence
 N - a ring of see invisible
 P - an amulet of magic regeneration
Wands
 u - a wand of charming (6)
 F - a wand of iceblast (10)
 S - a wand of polymorph (3)
Scrolls
 m - 4 scrolls of enchant weapon
 n - a scroll of fear
 p - 5 scrolls of teleportation
 t - 5 scrolls of vulnerability
 v - 4 scrolls of enchant armour
 w - 5 scrolls of immolation
 x - a scroll of fog
 z - 2 scrolls of magic mapping
 M - 2 scrolls of silence
 O - a scroll of blinking
 R - a scroll of amnesia
Potions
 g - 3 potions of mutation
 k - 4 potions of curing
 o - 6 potions of brilliance
 q - 3 potions of lignification
 s - a potion of flight
 A - 3 potions of berserk rage
 B - 3 potions of degeneration
 G - 2 potions of attraction
 K - 2 potions of heal wounds
 T - a potion of haste


   Skills:
 + Level 8.8 Fighting
 + Level 8.3 Dodging
 - Level 1.7 Stealth
 - Level 4.0 Shields
 * Level 11.9 Spellcasting
 - Level 9.0 Conjurations
 - Level 2.0 Hexes
 - Level 8.0 Fire Magic
 + Level 9.2 Invocations


You had 17 spell levels left.
You knew the following spells:

 Your Spells              Type           Power      Damage    Failure   Level
a - Magic Dart            Conj           100%       1d8       1%          1
b - Searing Ray           Conj           100%       2d8       1%          2
c - Flame Wave            Conj/Fire      100%       2d21      1%          4
d - Sticky Flame          Conj/Fire      100%       2d11      1%          4
e - Fulminant Prism       Conj/Hex       19%        3d10      6%          4
f - Mephitic Cloud        Conj/Pois/Air  27%        N/A       4%          3

Your spell library contained the following spells:

 Spells                   Type           Power      Damage    Failure   Level
 Dazzling Flash           Conj/Hex       78%        N/A       1%          3
 Hailstorm                Conj/Ice       34%        3d9       2%          3
 Inner Flame              Hex/Fire       89%        N/A       2%          3
 Stone Arrow              Conj/Erth      68%        3d11      2%          3
 Freeze                   Ice            52%        1d6       6%          1
 Necrotise                Necr           52%        1d6       6%          1
 Sandblast                Erth           26%        2d8       6%          1
 Tukima's Dance           Hex            22%        N/A       8%          3
 Passwall                 Tmut/Erth      10%        N/A       9%          2
 Poisonous Vapours        Pois/Air       26%        N/A       9%          2
 Iskenderun's Mystic Bla  Conj/Tloc      34%        2d8       9%          4
 Frozen Ramparts          Ice            26%        1d4       19%         3
 Gell's Gravitas          Tloc           13%        N/A       19%         3
 Ozocubu's Armour         Ice            13%        N/A       19%         3
 Teleport Other           Tloc           13%        N/A       19%         3
 Vampiric Draining        Necr           13%        2d6       19%         3
 Anguish                  Hex/Necr       9%         N/A       36%         4
 Leda's Liquefaction      Hex/Erth       9%         N/A       36%         4
 Freezing Cloud           Conj/Ice/Air   13%        6-21      43%         5
 Animate Dead             Necr           13%        N/A       52%         4
 Agony                    Necr           13%        N/A       86%         5
 Borgnjor's Vile Clutch   Necr/Erth      6%         N/A       86%         5
 Death Channel            Necr           6%         N/A       100%        6
 Dispersal                Tloc           6%         N/A       100%        6
 Enfeeble                 Hex            11%        N/A       100%        7
 Ozocubu's Refrigeration  Ice            6%         4d8       100%        7


Dungeon Overview and Level Annotations

Branches:
Dungeon (11/15)            Temple (1/1) D:4            Lair (5/5) D:11
 Shoals (0/4) Lair:2       Spider (0/4) Lair:2        Slime (1/5) Lair:4
    Orc (2/2) D:9
    Elf: Orc:2

Altars:
Ashenzari
Fedhas
Hepliaklqana
Makhleb
Nemelex Xobeh
Okawaru
Qazlal
Sif Muna
Trog
Uskayaw
Vehumet
Xom
Jiyva

Shops:
D:1 (

Annotations:
D:7 2 transporters
Lair:1 2 transporters, 3 runed translucent doors, Plog's ghost, journeyman TrFi
Lair:3 exclusion: fire dragon


Innate Abilities, Weirdness & Mutations

You have large cloven feet.
You have an unnaturally thin skeletal structure. (Dex +6, Stealth+++)
You sometimes emit foul miasma when damaged in melee.
You regenerate magic rapidly.
Your presence sometimes corrodes those you injure.


Message History

You take 11 damage, and have 36/100 hp.
Casting: Sticky Flame (mildly dangerous; 1% risk of failure)
Confirm with . or Enter, or press ? or * to list all spells.
Aiming: Sticky Flame (mildly dangerous; 1% risk of failure)
Press: ? - help, Shift-Dir - straight line, f - orc warrior, p - orc warlord
Aim: an orc warrior, wielding a +0 glaive and wearing a +0 plate armour (strong)
You feel a huge surge of power!
The sticky flame hits the orc warrior!
The orc warrior is moderately wounded.
The orc warrior is covered in liquid flames!
The orc warlord burns!
The orc warlord seems to be corroded for longer.
The orc warrior burns!
The orc warrior closely misses you.
You now have 17/28 mp.
Casting: Sticky Flame (mildly dangerous; 1% risk of failure)
Confirm with . or Enter, or press ? or * to list all spells.
Casting: Flame Wave (mildly dangerous; 1% risk of failure)
Press: ? - help, Dir - look around, f - activate You feel a huge surge of power!
A wave of flame ripples out!
The flame wave engulfs the orc warrior!!
You kill the orc warrior!
Sif Muna accepts your kill. (Press . to intensify the flame waves.)
The orc warlord burns!
The orc warlord shoots a bolt.
The bolt hits you!!
* * * LOW HITPOINT WARNING * * *
You take 25 damage, and have 12/100 hp.
MASSIVE DAMAGE!!
You now have 13/28 mp.
A wave of flame ripples out!
The flame wave engulfs the orc warlord!!
The orc warlord is heavily wounded.
You hear a shout!
The orc warlord burns!
The orc warlord shoots a bolt.
The bolt completely misses you.
A wave of flame ripples out!
The flame wave engulfs the orc warlord!
The orc warlord is severely wounded.
You finish channelling waves of flame.
You hear a shout! x5
The orc warlord burns!
You now have 12/28 mp.
You feel better.
The orc warlord burns!
The orc warlord stops burning.
The orc warlord shoots a bolt.
The bolt hits you!!!
You die...

#............##
#.............#
##.......[...##
##........[<)..#
###........).)#......
##.##..#[..)).)[.^....
#$..###...o...(....##.
####..#....)...........
##.##.......@$$..........
#...##......).......$....
####.##...................
##.#....#...$....$.........
#...#..................
##....#.#..............
.#......................
...<....................
.#....................


You could see an orc warlord (corroded).

Vanquished Creatures
  A hydra (Lair:4)
  A two-headed ogre (D:11)
  A pharaoh ant (Lair:2)
  A skyshark (Lair:2)
  2 orc knights
  An orc sorcerer (Orc:2)
  An ugly thing (D:11)
  A cyclops (D:11)
  A black mamba (Lair:2)
  A merfolk siren (Lair:2)
  3 cane toads
  A gargoyle (D:11)
  Psyche (D:10)
  2 rime drakes
  5 komodo dragons
  6 trolls
  Grinder (D:4)
  4 polar bears
  A hornet (D:10)
  7 blink frogs (Lair:5)
  2 tarantellas (Lair:2)
  13 dream sheep
  Sigmund (D:3)
  3 shadows
  A vampire (D:6)
  2 wraiths
  3 wyverns
  40 yaks
  A basilisk (Lair:2)
  A redback (Lair:2)
  Menkaure (D:6)
  6 wargs (Orc:1)
  2 acid dragons
  11 water moccasins
  13 orc warriors
  4 black bears
  4 ice beasts (D:6)
  9 ogres
  3 centaurs
  8 wolves (Lair:1)
  A phantom (D:3)
  2 kobold brigands
  12 bullfrogs
  A gnoll sergeant (D:10)
  Blork the orc (D:6)
  3 necrophages (D:4)
  3 scorpions
  8 wights
  A vampire bat (D:4)
  A howler monkey (D:11)
  3 hounds
  3 jellies
  19 orc priests
  Crazy Yiuf (D:3)
  5 iguanas
  A sleepcap (D:7)
  15 orc wizards
  10 hell rats
  2 scorpion zombies (D:4)
  8 adders
  10 gnolls
  3 white imps (D:7)
  An ufetubus (D:6)
  An adder zombie (D:4)
  A worm (D:2)
  4 dart slugs
  3 fire bats (D:4)
  55 orcs
  2 spectral bats (D:4)
  3 bat skeletons (D:4)
  A bat zombie (D:4)
  7 endoplasms
  4 giant cockroaches
  A goblin (D:1)
  10 hobgoblins
  8 jackals
  4 quokkas
  5 ball pythons
  17 bats
  A bat simulacrum (D:4)
  3 frilled lizards (D:1)
  12 kobolds
  4 rats
  8 bushes
438 creatures vanquished.

Vanquished Creatures (others)
  20 fungi
  41 plants
  5 toadstools (D:1)
66 creatures vanquished.

Grand Total: 504 creatures vanquished

Notes
Turn   | Place    | Note
-------+----------+-------------------------------------------
     0 | D:1      | jasper the Demonspawn Conjurer began the quest for the Orb.
     0 | D:1      | Reached XP level 1. HP: 13/13 MP: 3/3
   178 | D:1      | Gained mutation: You have a somewhat thin skeletal
                  | structure. (Dex +2, Stealth+) [demonic ancestry]
   178 | D:1      | Reached XP level 2. HP: 16/19 MP: 0/5
   188 | D:1      | Learned a level 2 spell: Searing Ray
   823 | D:1      | Gained mutation: You may rarely emit foul miasma when
                  | damaged in melee. [demonic ancestry]
   823 | D:1      | Reached XP level 3. HP: 16/24 MP: 7/7
  1035 | D:1      | Found Gebua's Weapon Emporium.
  2086 | D:1      | Bought a +1 war axe of flaming for 186 gold pieces
  2173 | D:2      | Reached skill level 3 in Spellcasting
  2584 | D:3      | Noticed Sigmund
  2589 | D:3      | Gained mutation: You have a moderately thin skeletal
                  | structure. (Dex +4, Stealth++) [demonic ancestry]
  2589 | D:3      | Reached XP level 4. HP: 20/30 MP: 4/8
  2593 | D:3      | Killed Sigmund
  2594 | D:3      | Reached skill level 4 in Spellcasting
  2594 | D:3      | Reached skill level 5 in Conjurations
  2594 | D:3      | Gained mutation: You have large cloven feet. [demonic
                  | ancestry]
  2594 | D:3      | Reached XP level 5. HP: 22/35 MP: 6/11
  2599 | D:3      | Learned a level 4 spell: Flame Wave
  2604 | D:3      | Learned a level 4 spell: Sticky Flame
  2817 | D:3      | Reached skill level 1 in Fire Magic
  2817 | D:3      | Gained mutation: You have an unnaturally thin skeletal
                  | structure. (Dex +6, Stealth+++) [demonic ancestry]
  2817 | D:3      | Reached XP level 6. HP: 41/41 MP: 5/12
  3198 | D:3      | Found a runed translucent door.
  3199 | D:3      | Noticed Crazy Yiuf
  3431 | D:3      | Killed Crazy Yiuf
  3500 | D:4      | Noticed Grinder
  3531 | D:5      | Entered Level 5 of the Dungeon
  3600 | D:5      | Reached XP level 7. HP: 46/46 MP: 8/13
  4044 | D:5      | Identified the +0 leather armour "Buiniv" {rN+}
  4173 | D:5      | Reached skill level 5 in Fire Magic
  4381 | D:5      | Reached XP level 8. HP: 52/52 MP: 4/14
  4507 | D:5      | Learned a level 4 spell: Fulminant Prism
  4541 | D:5      | Identified the +3 whip of Jasal {drain, *Noise rElec rF++
                  | Stlth+}
  4818 | D:5      | Reached skill level 1 in Hexes
  5305 | D:6      | Noticed Blork the orc
  5310 | D:6      | Killed Blork the orc
  5987 | D:6      | Reached XP level 9. HP: 28/57 MP: 5/15
  6510 | D:6      | Noticed Menkaure
  6518 | D:6      | Killed Menkaure
  6610 | D:7      | Found a transporter.
  6797 | D:7      | Found a transporter.
  6803 | D:7      | Reached skill level 1 in Fighting
  7733 | D:8      | Reached skill level 1 in Shields
  8235 | D:9      | Found a staircase to the Orcish Mines.
  8343 | D:9      | Identified the +3 war axe "Uddogruf" {freeze, rC- SInv
                  | Stlth+}
  8816 | D:9      | Gained mutation: You regenerate magic rapidly. [demonic
                  | ancestry]
  8816 | D:9      | Reached XP level 10. HP: 68/68 MP: 7/17
  9179 | D:10     | Entered Level 10 of the Dungeon
  9186 | D:10     | Reached skill level 5 in Spellcasting
  9621 | D:10     | Reached skill level 6 in Spellcasting
  9806 | D:10     | Noticed Psyche
  9809 | D:10     | Killed Psyche
 10215 | D:11     | Reached skill level 7 in Spellcasting
 10222 | D:11     | Reached skill level 5 in Dodging
 10224 | D:11     | Reached skill level 5 in Fighting
 10235 | D:11     | Noticed a purple ugly thing
 10451 | D:4      | Found a blossoming altar of Fedhas.
 10582 | D:4      | Killed Grinder
 10635 | D:4      | Found a staircase to the Ecumenical Temple.
 10652 | Temple   | Entered the Ecumenical Temple
 10771 | Temple   | Became a worshipper of Sif Muna the Loreminder
 10856 | D:4      | Reached * piety under Sif Muna
 11379 | D:4      | Reached skill level 1 in Invocations
 11379 | D:4      | Gained mutation: Your presence sometimes corrodes those you
                  | injure. [demonic ancestry]
 11379 | D:4      | Reached XP level 11. HP: 79/79 MP: 16/22
 11524 | D:11     | Killed a purple ugly thing
 11618 | D:11     | Noticed a two-headed ogre
 11628 | D:11     | Killed a two-headed ogre
 11629 | D:11     | Reached skill level 8 in Spellcasting
 11865 | D:11     | Learned a level 3 spell: Mephitic Cloud
 11980 | D:11     | Reached ** piety under Sif Muna
 12128 | D:11     | Found a staircase to the Lair.
 12389 | Lair:1   | Entered Level 1 of the Lair of Beasts
 12389 | Lair:1   | Found the +1 cloak of Starlight {*Dazzle EV+4 Stlth--}
 12389 | Lair:1   | Found a transporter.
 12403 | Lair:1   | Found a runed translucent gate.
 12404 | Lair:1   | Found a runed translucent gate.
 12405 | Lair:1   | Found a runed translucent gate.
 12541 | Lair:1   | Noticed Plog's ghost (journeyman TrFi)
 12587 | Lair:1   | Reached skill level 9 in Spellcasting
 12815 | Lair:1   | Reached skill level 5 in Invocations
 13040 | Lair:1   | Found a transporter.
 13312 | Lair:1   | Reached *** piety under Sif Muna
 13313 | Lair:1   | Gained mutation: You sometimes emit foul miasma when
                  | damaged in melee. [demonic ancestry]
 13313 | Lair:1   | Reached XP level 12. HP: 60/89 MP: 21/25
 13987 | Lair:2   | Found a hole to the Spider Nest.
 13993 | Lair:2   | Reached skill level 10 in Spellcasting
 14452 | Lair:2   | Found a staircase to the Shoals.
 15124 | Lair:3   | Reached **** piety under Sif Muna
 15617 | Lair:3   | Noticed a fire dragon
 15897 | Lair:4   | Reached skill level 11 in Spellcasting
 16245 | Lair:4   | Found a staircase to the Slime Pits.
 16245 | Lair:4   | Found a viscous altar of Jiyva.
 16461 | Lair:4   | Noticed a six-headed hydra
 16471 | Lair:4   | Killed a six-headed hydra
 17230 | Slime:1  | Entered Level 1 of the Pits of Slime
 17240 | Lair:5   | Entered Level 5 of the Lair of Beasts
 17247 | Lair:5   | Reached ***** piety under Sif Muna
 17251 | Lair:5   | Reached XP level 13. HP: 28/99 MP: 14/28
 17258 | Lair:4   | Received a gift from Sif Muna
 17259 | Lair:4   | Got Sif Muna's Book of Ill Luck and the Tundra {god gift}
 17621 | Orc:1    | Entered Level 1 of the Orcish Mines
 18159 | Orc:2    | Entered Level 2 of the Orcish Mines
 18370 | Orc:2    | Noticed an orc warlord
 18731 | Orc:2    | Shot with a bolt by an orc warlord

Illustrated notes

Levels and vault maps discovered:
D:1:      eino_arrival_water_star, layout_basic, serial_shops,
          nicolae_shop_bloodbath_and_beyond, minmay_gold_behind_fungi
D:2:      layout_basic, hex_medium
D:3:      layout_loops_ring, uniq_crazy_yiuf_cottage, uniq_sigmund
D:4:      layout_loops_ring, fedhas_altar_decomposition, temple_statues,
          goddamned_bats, uniq_grinder
D:5:      layout_rooms, kennysheep_cross_bottleneck
D:6:      layout_loops_ring, gup_sewer_entry_glass, minmay_diced_spiral,
          uniq_blork_the_orc, uniq_menkaure
D:7:      gammafunk_steamed_eel, layout_cave_pools
D:8:      layout_cave_pools
D:9:      layout_irregular_city, orc_0_dummy
D:10:     layout_loops_ring, hangedman_decor_slide_cut, minivault_11,
          nicolae_benzene_ring, uniq_psyche
D:11:     layout_cave_pools, dpeg_oklobed_lair, kennysheep_opposing_triangles
Temple:   mainiacjoe_temple_archimedes_tessellation
Lair:1:   gammafunk_cloud_chamber, layout_chaotic_city, gammafunk_ghost_icy
Lair:2:   layout_regular_city, minmay_shoals_entry_lonely_mermaid,
          nicolae_spider_entry_lesser_pyramids, minmay_holes
Lair:3:   dragon1_lemuel, layout_layer_cave
Lair:4:   layout_regular_city, slime_entry_1, beast_lair_carwin_11
Lair:5:   evil_forest, layout_cave_pods
Slime:1:  layout_caves
Orc:1:    layout_caves, basic_altar
Orc:2:    grunt_orc_tribal_feast, layout_caves

Skill      XL: |  1  2  3  4  5  6  7  8  9 10 11 12 13 |
---------------+----------------------------------------+-----
Spellcasting   | 3 4 7 9 11 | 11.9
Conjurations   | 5 6 7 8 9 |  9.0
Fire Magic     | 1 2 5 7 8 |  8.0
Hexes          | 2 |  2.0
Dodging        | 3 5 6 8 |  8.3
Fighting       | 2 5 6 8 |  8.8
Shields        | 4 |  4.0
Invocations    | 1 5 8 9 |  9.2
Stealth        | |  1.7

Action                     |  1- 3 |  4- 6 |  7- 9 | 10-12 | 13-15 || total
---------------------------+-------+-------+-------+-------+-------++-------
  Melee: Whip              |    25 |       |       |       |       ||    25
         War axe           |       |     9 |    12 |       |       ||    21
         Kick              |       |       |    11 |     4 |       ||    15
         Staff             |       |       |    43 |    84 |     6 ||   133
   Cast: Magic Dart        |    83 |    35 |    64 |    54 |    14 ||   250
         Searing Ray       |     2 |     9 |    18 |     2 |       ||    31
         Sticky Flame      |       |       |    33 |    61 |    10 ||   104
         Flame Wave        |       |       |    15 |    60 |    14 ||    89
         Mephitic Cloud    |       |       |       |     2 |     1 ||     3
    Use: Scroll            |     6 |       |     5 |    14 |       ||    25
         Potion            |       |     1 |     1 |     2 |     2 ||     6
   Stab: Invisible         |       |       |       |     1 |       ||     1
         Sleeping          |       |       |       |     1 |       ||     1
 Armour: Robe              |     8 |     2 |    26 |    41 |     8 ||    85
  Dodge: Dodged            |    19 |    10 |    73 |   174 |    52 ||   328
  Block: Buckler           |       |       |    12 |    62 |    23 ||    97
         Reflection        |       |       |     3 |       |       ||     3

Table legend: (Time is in decaauts)
 A = Elapsed time spent in this place.
 B = Non-inter-level travel time spent in this place.
 C = Inter-level travel time spent in this place.
 D = Time resting spent in this place.
 E = Time spent auto-exploring this place.
 F = Levels seen in this place.
 G = Mean time per level.
                   A        B        C        D        E       F      G
               +--------+--------+--------+--------+--------+-----+--------+
         Total |  18801 |  17859 |    942 |   2304 |  13331 |  20 |  940.0 |
       Dungeon |  12631 |  11913 |    718 |   1531 |   8877 |  11 | 1148.3 |
        Temple |    136 |    105 |     31 |      0 |     80 |   1 |  136.0 |
          Lair |   5194 |   5038 |    156 |    471 |   3998 |   5 | 1038.8 |
    Slime Pits |      1 |      1 |      0 |      0 |      0 |   1 |    1.0 |
  Orcish Mines |    837 |    800 |     37 |    302 |    375 |   2 |  418.5 |
               +--------+--------+--------+--------+--------+-----+--------+

Top non-repeatable levels by time:
     D:5: 1876 daAuts
  Lair:4: 1844 daAuts
  Lair:1: 1402 daAuts
     D:1: 1370 daAuts
     D:9: 1360 daAuts
     D:3: 1247 daAuts
  Lair:2: 1207 daAuts
    D:10: 1173 daAuts
     D:4: 1134 daAuts
     D:6: 1035 daAuts
     D:2: 909 daAuts
    D:11: 877 daAuts
     D:8: 829 daAuts
     D:7: 817 daAuts
   Orc:1: 764 daAuts
